 Dungeon Crawl Stone Soup version 0.31.0-11-ge490571c62 (webtiles) character file.

Game seed: 7221359888451036460

71 hikkokomori the Apothecary (level 4, -8/33 HPs)
             Began as a Formicid Wanderer on Feb 2, 2024.
             Mangled by a gnoll
             ... wielding a +0 halberd
              (9 damage)
             ... on level 2 of the Dungeon.
             The game lasted 00:07:00 (1598 turns).

hikkokomori the Apothecary (Formicid Wanderer)      Turns: 1598, Time: 00:07:01

Health: -8/33      AC:  5    Str: 17    XL:     4   Next: 47%
Magic:  7/7        EV: 10    Int: 12    God:
Gold:   46         SH:  0    Dex: 14    Spells: 4/7 levels left

rFire   . . .        a - +0 flail (venom)
rCold   . . .        (no shield)
rNeg    . . .        j - +0 ring mail
rPois   .            (helmet unavailable)
rElec   .            (no cloak)
rCorr   .            (no gloves)
SInv    +            (no boots)
Will    .....        (no amulet)
Stlth   +            (no ring)
HPRegen 0.25/turn    (no ring)
MPRegen 0.10/turn

%: no passive effects
@: no status effects
A: permanent stasis, dig shafts and tunnels, antennae 3, four strong arms
a: Dig, Shaft Self


You were on level 2 of the Dungeon.
You visited 1 branch of the dungeon, and saw 2 of its levels.

You collected 46 gold pieces.

Inventory:

Hand Weapons
 a - a +0 flail of venom (weapon)
 e - a +0 whip of flaming
 k - a +0 whip
Missiles
 m - a dart of dispersal
Armour
 c - a +0 leather armour
 j - a +0 ring mail (worn)
Wands
 b - a wand of flame (3)
Scrolls
 f - a scroll of brand weapon
 g - a scroll of teleportation
 h - a scroll of noise {unknown}
Potions
 d - 2 potions of curing
 i - 2 potions of brilliance {unknown}
 l - a potion of enlightenment {unknown}


   Skills:
 + Level 2.2 Fighting
 + Level 1.5 Throwing
 + Level 2.2 Stealth
 + Level 2.0 Spellcasting
 + Level 0.4 Necromancy
 - Level 6.6 Alchemy
 - Level 3.3 Evocations


You had 4 spell levels left.
You knew the following spells:

 Your Spells              Type           Power      Damage    Failure   Level
a - Sting                 Conj/Alch      36%        1d5       13%         1
b - Cigotuvi's Dreadful   Necr/Alch/Air  12%        N/A       28%         2

Your spell library contained the following spells:

 Spells                   Type           Power      Damage    Failure   Level
 Leda's Liquefaction      Alch/Erth      4%         N/A       78%         4


Dungeon Overview and Level Annotations

Branches:
Dungeon (2/15)

Altars:

Annotations:
D:2 Sigmund


Innate Abilities, Weirdness & Mutations

You cannot be hasted, slowed, berserked, paralysed or teleported.
You can dig through walls and to a lower floor.
You have a pair of large antennae on your head. (SInv)
Your four strong arms can wield two-handed weapons with a shield.


Message History

You start resting.
HP restored.
You see here a ball python corpse.
You see here a +0 spear.
A gnoll is nearby!
A gnoll is nearby!
A gnoll is nearby!
The gnoll shouts!
The gnoll barely misses you.
You barely miss the gnoll. The gnoll closely misses you.
The gnoll hits you with a +0 halberd!
You sock the gnoll!
The gnoll is heavily wounded.
The gnoll hits you with a +0 halberd!
You are too injured to fight recklessly!
You are too injured to fight recklessly!
You closely miss the gnoll.
The gnoll is heavily wounded.
The gnoll closely misses you.
You barely miss the gnoll.
The gnoll is heavily wounded.
The gnoll completely misses you. The gnoll hits you with a +0 halberd.
You hit the gnoll but do no damage.
The gnoll is heavily wounded.
The gnoll barely misses you.
You closely miss the gnoll.
The gnoll is heavily wounded.
The gnoll hits you with a +0 halberd!
* * * LOW HITPOINT WARNING * * *
The gnoll misses you.
Unknown command.
You closely miss the gnoll.
The gnoll is heavily wounded.
The gnoll hits you with a +0 halberd.
* * * LOW HITPOINT WARNING * * *
Unknown command.
You hit the gnoll but do no damage.
The gnoll is poisoned.
The gnoll is heavily wounded.
The gnoll hits you with a +0 halberd!
You die...

..g.....
#.#...
,g{....# {
..#...
,,.....'
#######
....# #
...#.#
#....#
#.#####
####.....#
#..@.....#
#.##g†...#
#.##.....#
#.##.....#
#)##.....#
#.##.....#
#.###...##
######.#
...#
#...†.)#


You could see a gnoll (very poisoned).

Vanquished Creatures
  3 gnolls (D:2)
  An adder (D:2)
  2 dart slugs
  2 ribbon worms (D:2)
  3 ball pythons
  An endoplasm (D:1)
  4 goblins
  2 hobgoblins (D:2)
  4 kobolds (D:1)
  A quokka (D:1)
  3 bats (D:1)
  3 frilled lizards
29 creatures vanquished.

Notes
Turn   | Place    | Note
-------+----------+-------------------------------------------
     0 | D:1      | hikkokomori the Formicid Wanderer began the quest for the
                  | Orb.
     0 | D:1      | hikkokomori set off with the following items: a +0 club, a
                  | wand of flame (4), a +0 leather armour, 2 potions of
                  | curing; and the following spell memorised: Sting; and the
                  | following spells available to memorise: Cigotuvi's Dreadful
                  | Rot, Leda's Liquefaction.
     0 | D:1      | Reached XP level 1. HP: 15/15 MP: 2/2
   245 | D:1      | Reached XP level 2. HP: 21/21 MP: 3/3
   257 | D:1      | Found Upegyrgh's Distillery.
   307 | D:1      | Reached skill level 1 in Stealth
   745 | D:2      | Noticed Sigmund
   887 | D:2      | Reached XP level 3. HP: 5/27 MP: 5/5
  1030 | D:2      | Reached skill level 1 in Throwing
  1383 | D:2      | Learned a level 2 spell: Cigotuvi's Dreadful Rot
  1468 | D:2      | Reached XP level 4. HP: 32/33 MP: 6/6
  1597 | D:2      | HP: 1/33 [gnoll/+0 halberd (5)]
  1598 | D:2      | Mangled by a gnoll

Illustrated notes

Levels and vault maps discovered:
D:1:      heliophobic_arrival_henge, layout_loops_ring, serial_shops,
          nicolae_shop_industrial_runoff
D:2:      layout_basic, uniq_crazy_yiuf_cottage, uniq_robin, uniq_sigmund

Skill      XL: |  1  2  3  4 |
---------------+-------------+-----
Stealth        | 1 2 |  2.2
Throwing       | 1 |  1.5
Fighting       | 2 |  2.2
Spellcasting   | 2 |  2.0
Necromancy     | |  0.4
Alchemy        | |  6.6
Evocations     | |  3.3

Action                     |  1- 3 |  4- 6 || total
---------------------------+-------+-------++-------
  Melee: Club              |    13 |       ||    13
         Whip              |    21 |       ||    21
         Flail             |    22 |    23 ||    45
  Throw: Boomerang         |    37 |       ||    37
         Dart              |     1 |       ||     1
  Evoke: Wand              |     1 |       ||     1
    Use: Scroll            |     3 |       ||     3
 Armour: Leather armour    |    38 |       ||    38
         Ring mail         |     3 |    20 ||    23
  Dodge: Dodged            |    38 |    13 ||    51
